 Dungeon Sprint DCSS version 0.22-a0-40-g3d2f077 (webtiles) character file.

743 Faca the Carver (level 7, 0/77 HPs)
             Began as a Minotaur Berserker on Jan 5, 2018.
             Was a High Priest of Trog.
             Slain by a seven-headed hydra (13 damage)
             ... in the Dungeon (Sprint IX: "|||||||||||||||||||||||||||||").
             The game lasted 00:01:30 (360 turns).

Faca the Carver (Minotaur Berserker)                 Turns: 360, Time: 00:01:31

Health: 0/77       AC: 10    Str: 21    XL:     7   Next: 47%
Magic:  6/6        EV: 14    Int:  4    God:    Trog [*****.]
Gold:   0          SH:  0    Dex: 15    Spells: 6/6 levels left

rFire    . . .     SeeInvis .   m - +2 rapier (drain)
rCold    . . .     Gourm    .   (no shield)
rNeg     . . .     Faith    .   a - +1 scale mail
rPois    .         Spirit   .   (helmet restricted)
rElec    .         Reflect  .   (no cloak)
rCorr    .         Harm     .   (no gloves)
MR       .....     NoTele   +   (no boots)
Stlth    ..........             (no amulet)
HPRegen  0.22/turn              o - +2 ring of protection
MPRegen  0.10/turn              p - +3 ring of dexterity

@: lethally poisoned (0 -> -5)
A: retaliatory headbutt, horns 2
a: Berserk, Trog's Hand, Brothers in Arms, Burn Spellbooks, Renounce Religion


You were in the Dungeon.
You worshipped Trog.
Trog was extremely pleased with you.
You were not hungry.

You visited 1 branch

Inventory:

Hand Weapons
 m - a +2 rapier of draining (weapon)
 n - the +2 scimitar of Action {venom, +Blink rC+ Str+4}
   (You found it in the Dungeon)

   It poisons the flesh of those it strikes.
   It affects your strength (+4).
   It protects you from cold.
   It lets you blink.
Armour
 a - a +1 scale mail (worn)
Jewellery
 o - a +2 ring of protection (left hand)
 p - a +3 ring of dexterity (right hand)
Wands
 l - a wand of iceblast (10)
Scrolls
 i - 2 scrolls of blinking
 k - 3 scrolls of remove curse
Potions
 d - 5 potions of curing
 e - 3 potions of heal wounds
 f - a potion of haste
 g - 4 potions of magic
 h - a potion of berserk rage
 j - a potion of invisibility
Comestibles
 c - a ration


   Skills:
 + Level 12.0 Fighting
 + Level 12.1 Long Blades
 + Level 7.1 Armour
 + Level 7.5 Dodging
 + Level 0.9 Stealth


You had 6 spell levels left.
You didn't know any spells.

Dungeon Overview and Level Annotations

Branches:
Dungeon (1/1)

Altars:
Cheibriados
Dithmenos
Elyvilon
Fedhas
Gozag
Hepliaklqana
Kikubaaqudgha
Makhleb
Nemelex Xobeh
Okawaru
Qazlal
Ru
Sif Muna
Trog
Uskayaw
Vehumet
Wu Jian
Xom
Yredelemnul
Zin
The Shining One
Beogh
Jiyva
Lugonu


Innate Abilities, Weirdness & Mutations

You reflexively headbutt those who attack you in melee.
You have a pair of horns on your head.


Message History

The seven-headed hydra barely misses you.
The seven-headed hydra bites you!
The seven-headed hydra bites you but does no damage.
The seven-headed hydra bites you.
You hit the seven-headed hydra. You headbutt the seven-headed hydra!
The seven-headed hydra is moderately wounded.
You feel sick. The seven-headed hydra bites you!
The seven-headed hydra barely misses you.
The seven-headed hydra misses you. The seven-headed hydra bites you!
* * * LOW HITPOINT WARNING * * *
The seven-headed hydra bites you but does no damage.
The seven-headed hydra closely misses you.
The seven-headed hydra bites you.
* * * LOW HITPOINT WARNING * * *
You puncture the seven-headed hydra!
The seven-headed hydra is moderately wounded.
The seven-headed hydra bites you.
* * * LOW HITPOINT WARNING * * *
The seven-headed hydra bites you!
You die...

▓.▓
▓[▓
▓[▓
▓.▓
▓.▓
▓.▓
▓.▓
▓.▓
▓@▓
▓D▓
▓c▓
▓h▓
▓o▓
▓Z▓
▓.▓
▓.▓


You could see a seven-headed hydra, a centaur warrior, a howler monkey, an orc
and a bat zombie.

Vanquished Creatures
  A troll (D)
  A wraith (D)
  A phantom (D)
  An ogre (D)
  A centaur (D)
  A scorpion (D)
  A crimson imp (D)
  A hound (D)
  A worker ant (D)
  A gnoll (D)
  An adder skeleton (D)
  A giant cockroach (D)
  A hobgoblin (D)
  3 frilled lizards (D)
  A quokka zombie (D)
17 creatures vanquished.

Vanquished Creatures (others)
  A spatial maelstrom (D)
1 creature vanquished.

Grand Total: 18 creatures vanquished

Notes
Turn   | Place    | Note
-------+----------+-------------------------------------------
     0 | D        | Faca the Minotaur Berserker began the quest for the Orb.
     0 | D        | Reached XP level 1. HP: 19/19 MP: 0/0
     7 | D        | Banished a spatial maelstrom
    13 | D        | Reached ** piety under Trog
    32 | D        | Noticed an ogre
    32 | D        | Noticed a worker ant
    32 | D        | Noticed a centaur
    35 | D        | Killed an ogre
    35 | D        | Reached XP level 2. HP: 28/34 MP: 1/1
    35 | D        | Reached XP level 3. HP: 32/39 MP: 2/2
    35 | D        | Reached XP level 4. HP: 38/47 MP: 3/3
    36 | D        | Reached *** piety under Trog
    40 | D        | Killed a centaur
    40 | D        | Reached skill level 5 in Dodging
    40 | D        | Reached XP level 5. HP: 47/57 MP: 4/4
    47 | D        | Found a roughly hewn altar of Beogh.
    47 | D        | Found a snail-covered altar of Cheibriados.
    47 | D        | Found a shadowy altar of Dithmenos.
    47 | D        | Found a white marble altar of Elyvilon.
    47 | D        | Found a blossoming altar of Fedhas.
    47 | D        | Found an opulent altar of Gozag.
    48 | D        | Found a hazy altar of Hepliaklqana.
    49 | D        | Found a viscous altar of Jiyva.
    50 | D        | Found an ancient bone altar of Kikubaaqudgha.
    51 | D        | Found a corrupted altar of Lugonu.
    52 | D        | Found a burning altar of Makhleb.
    53 | D        | Found a sparkling altar of Nemelex Xobeh.
    54 | D        | Found an iron altar of Okawaru.
    55 | D        | Found a stormy altar of Qazlal.
    56 | D        | Found a sacrificial altar of Ru.
    57 | D        | Found a deep blue altar of Sif Muna.
    58 | D        | Found a bloodstained altar of Trog.
    59 | D        | Found a hide-covered altar of Uskayaw.
    60 | D        | Found a radiant altar of Vehumet.
    61 | D        | Found an ornate altar of the Wu Jian Council.
    62 | D        | Found a shimmering altar of Xom.
    63 | D        | Found a basalt altar of Yredelemnul.
    64 | D        | Found a glowing silver altar of Zin.
    65 | D        | Found a glowing golden altar of the Shining One.
    82 | D        | Got the +2 scimitar of Action {venom, +Blink rC+ Str+4}
   165 | D        | Noticed a wraith
   165 | D        | Noticed a troll
   165 | D        | Noticed a phantom
   169 | D        | Killed a wraith
   169 | D        | Reached **** piety under Trog
   169 | D        | Reached skill level 10 in Fighting
   169 | D        | Reached skill level 10 in Long Blades
   169 | D        | Reached skill level 5 in Armour
   169 | D        | Reached XP level 6. HP: 62/66 MP: 5/5
   174 | D        | Killed a troll
   174 | D        | Reached XP level 7. HP: 40/74 MP: 6/6
   192 | D        | Reached ***** piety under Trog
   352 | D        | Noticed a seven-headed hydra
   352 | D        | Noticed a centaur warrior
   360 | D        | Slain by a seven-headed hydra

Vault maps used:
D:        linesprint

Skill      XL: |  1  2  3  4  5  6  7 |
---------------+----------------------+-----
Fighting       | 7 9 10 11 12 | 12.0
Long Blades    | 7 9 10 11 12 | 12.1
Armour         | 3 4 5 6 7 |  7.1
Dodging        | 4 5 6 7 |  7.5
Stealth        | |  0.9

Action                   |  1- 3 |  4- 6 |  7- 9 || total
-------------------------+-------+-------+-------++-------
Melee: Falchion          |    15 |     5 |       ||    20
       Headbutt          |     1 |     2 |     9 ||    12
       Scimitar          |       |     9 |    17 ||    26
       Rapier            |       |       |     3 ||     3
Invok: Berserk           |     1 |       |       ||     1
Armor: Scale mail        |       |     3 |     8 ||    11
Dodge: Dodged            |    11 |    13 |    11 ||    35
       Rpst.: Falchion   |     2 |       |       ||     2
       Scimitar          |       |     3 |     2 ||     5

Table legend:
 A = Spawn XP
 B = Non-spawn XP
 C = Spawn XP percentage of total XP
 D = Spawn monster count
 E = Non-spawn monster count
 F = Spawn count percentage of total count
 G = Total turns spent on level
                    A         B        C        D         E        F      G
               +---------+---------+-------+---------+---------+-------+---------
         Total |       0 |    1062 |   0.0 |       0 |      17 |   0.0 |   360
               +---------+---------+-------+---------+---------+-------+---------
             D |       0 |    1062 |   0.0 |       0 |      17 |   0.0 |   360
               +---------+---------+-------+---------+---------+-------+---------
